 Dungeon Crawl Stone Soup version 0.30-a0-4-ga7cffc901d (webtiles) character file.

Game seed: 3241954758770316566

179 Setbun the Sneak (level 5, -3/30 HPs)
             Began as a Kobold Enchanter on Aug 20, 2022.
             Slain by a gnoll
             ... wielding a +0 whip
              (5 damage)
             ... on level 4 of the Dungeon.
             The game lasted 00:05:00 (4737 turns).

Setbun the Sneak (Kobold Enchanter)                 Turns: 4737, Time: 00:05:00

Health: -3/30      AC:  2    Str:  5    XL:     5   Next: 90%
Magic:  2/9        EV: 16    Int: 16    God:
Gold:   161        SH:  0    Dex: 18    Spells: 5/10 levels left

rFire   . . .      SeeInvis .    a - +1 dagger
rCold   . . .      Faith    .    (no shield)
rNeg    . . .      Spirit   .    b - +0 robe
rPois   .          Reflect  .    (no helmet)
rElec   .          Harm     .    (no cloak)
rCorr   +          Rampage  .    (no gloves)
Will    .....                    (no boots)
Stlth   ++++......               r - amulet of the acrobat
HPRegen 0.10/turn                p - ring of resist corrosion
MPRegen 0.11/turn                (no ring)

@: no status effects
A: small, no large weapons, nightstalker 3
a: no special abilities


You were on level 4 of the Dungeon.
You visited 1 branch of the dungeon, and saw 4 of its levels.

You collected 161 gold pieces.

Inventory:

Hand Weapons
 a - a +1 dagger (weapon)
Armour
 b - a +0 robe (worn)
Jewellery
 p - a ring of resist corrosion (left hand)
 r - an amulet of the acrobat (around neck)
Scrolls
 d - a scroll of butterflies {unknown}
 e - 2 scrolls of noise {unknown}
 i - 3 scrolls of identify {unknown}
 j - a scroll of vulnerability {unknown}
 k - 2 scrolls of enchant armour {unknown}
 l - 2 scrolls of teleportation {unknown}
 o - a scroll of immolation {unknown}
 t - a scroll of silence {unknown}
 v - a scroll of blinking {unknown}
Potions
 c - 2 potions of invisibility
 f - a potion of haste
 g - a potion of curing
 m - a potion of might
 u - a potion of flight {unknown}


   Skills:
 + Level 1.8 Fighting
 + Level 2.6 Short Blades
 * Level 4.3 Dodging
 + Level 4.7 Stealth
 + Level 3.0 Spellcasting
 + Level 3.5 Hexes


You had 5 spell levels left.
You knew the following spells:

 Your Spells              Type           Power      Damage    Failure   Level
a - Ensorcelled Hibernat  Hex/Ice        16%        N/A       14%         2
b - Confusing Touch       Hex            13%        N/A       13%         3

Your spell library contained the following spells:

 Spells                   Type           Power      Damage    Failure   Level
 Tukima's Dance           Hex            13%        N/A       13%         3
 Dazzling Flash           Conj/Hex       16%        N/A       26%         3
 Passwall                 Tmut/Erth      1%         N/A       28%         2
 Swiftness                Air            2%         N/A       50%         3


Dungeon Overview and Level Annotations

Branches:
Dungeon (4/15)
 Temple: D:4-7

Altars:


Innate Abilities, Weirdness & Mutations

You are small and have problems with some larger weapons.
You are completely attuned to the shadows.


Message History

You don't have enough magic to cast this spell.
You barely miss the gnoll.
The gnoll is lightly wounded.
The gnoll closely misses you.
You hit the gnoll but do no damage.
The gnoll is lightly wounded.
You hit the gnoll.
The gnoll is moderately wounded.
The gnoll closely misses you.
You hit the gnoll.
The gnoll is heavily wounded.
The gnoll hits you with a +0 spear!
You hit the gnoll.
The gnoll is heavily wounded.
The gnoll hits you with a +0 spear.
* * * LOW HITPOINT WARNING * * *
You hit the gnoll.
The gnoll is severely wounded.
The gnoll hits you with a +0 spear.
* * * LOW HITPOINT WARNING * * *
The gnoll closely misses you.
There is an open door here.
You open the door.
The gnoll hits you from afar with a +0 spear.
* * * LOW HITPOINT WARNING * * *
There is an open door here.
You close the door.
A gnoll opens the door.
You close the door.
A gnoll opens the door.
The gnoll closely misses you.
You close the door.
A gnoll opens the door.
The gnoll hits you but does no damage.
As you close the door, it creaks loudly!
A gnoll breaks down the door.
Casting: Ensorcelled Hibernation (safe; 14% risk of failure)
Confirm with . or Enter, or press ? or * to list all spells.
Aiming: Ensorcelled Hibernation (safe; 14% risk of failure)
Press: ? - help, Shift-Dir - straight line, f/p - gnoll
Aim: a gnoll, wielding a +0 spear (heavily wounded, chance to affect: 50%)
The gnoll resists with some effort.
The gnoll barely misses you. The gnoll hits you with a +0 whip.
You die...

##.#### #.# #.# #.# #.#
#.# ##'## ####.### ##...##
#......# ##.....##
#.##.#.# ##.......##
#..#...#
..####.........####...##.#
>....'........gg@......#.#
..#)##.......).####......#
#. ##.......## ##.###.###
.. ##.....## #.......###
### ##...## #.........#
##'## #..##.#.#.# #.#
#.....#.#.# #)#
#...###.#.#
##.#########...# #.#.#


You could see 2 gnolls.

Vanquished Creatures
  An orc priest (D:3)
  An orc wizard (D:3)
  A gnoll (D:4)
  2 adders (D:2)
  2 worms (D:2)
  A dart slug (D:3)
  8 orcs (D:3)
  5 ball pythons
  3 endoplasms
  2 giant cockroaches
  12 goblins
  6 hobgoblins
  10 jackals
  3 kobolds
  6 quokkas
  6 bats
  5 frilled lizards
  3 rats (D:1)
77 creatures vanquished.

Notes
Turn   | Place    | Note
-------+----------+-------------------------------------------
     0 | D:1      | Setbun the Kobold Enchanter began the quest for the Orb.
     0 | D:1      | Reached XP level 1. HP: 10/10 MP: 3/3
   244 | D:1      | Reached XP level 2. HP: 16/16 MP: 5/5
   980 | D:1      | Reached XP level 3. HP: 20/20 MP: 6/6
  1852 | D:2      | Reached skill level 1 in Fighting
  2191 | D:1      | Learned a level 2 spell: Ensorcelled Hibernation
  2195 | D:1      | Learned a level 3 spell: Confusing Touch
  2234 | D:2      | Found a faded altar of an unknown god.
  2260 | D:2      | Reached XP level 4. HP: 25/25 MP: 4/7
  3471 | D:3      | Reached XP level 5. HP: 28/29 MP: 6/9
  4730 | D:4      | HP: 1/30 [gnoll/+0 spear (3)]
  4737 | D:4      | Slain by a gnoll

Illustrated notes

Levels and vault maps discovered:
D:1:      tarquinn_simple_flora_water_b, layout_basic, palyth_stone_intersect
D:2:      layout_basic, shapermc_ecumenical_altar_hornbeckon
D:3:      layout_loops_cross
D:4:      layout_loops_corners, minitemple, minmay_temple_entry_proselytizer

Skill      XL: |  1  2  3  4  5 |
---------------+----------------+-----
Dodging        | 3 4 |  4.3
Fighting       | 1 |  1.8
Short Blades   | 2 |  2.6
Spellcasting   | 3 |  3.0
Stealth        | |  4.7
Hexes          | |  3.5

Action                   |  1- 3 |  4- 6 || total
-------------------------+-------+-------++-------
Melee: Dagger            |   121 |   170 ||   291
       Punch             |     1 |     2 ||     3
 Cast: Ensorcelled Hiber |     1 |    21 ||    22
  Use: Potion            |       |     7 ||     7
 Stab: Sleeping          |    12 |    20 ||    32
       Distracted        |       |     1 ||     1
Armor: Robe              |    14 |    20 ||    34
       Skin              |       |    18 ||    18
Dodge: Dodged            |   110 |   147 ||   257

Table legend: (Time is in decaauts)
 A = Elapsed time spent in this place.
 B = Non-inter-level travel time spent in this place.
 C = Inter-level travel time spent in this place.
 D = Time resting spent in this place.
 E = Time spent auto-exploring this place.
 F = Levels seen in this place.
 G = Mean time per level.
                   A        B        C        D        E       F      G
               +--------+--------+--------+--------+--------+-----+--------+
         Total |   4714 |   4641 |     73 |   1072 |   2928 |   4 | 1178.5 |
       Dungeon |   4714 |   4641 |     73 |   1072 |   2928 |   4 | 1178.5 |
               +--------+--------+--------+--------+--------+-----+--------+

Top non-repeatable levels by time:
     D:1: 2319 daAuts
     D:3: 1260 daAuts
     D:2: 985 daAuts
     D:4: 148 daAuts
